Unix NetHack Version 5.0.0-0 post-release - last build Jul 19 2026 19:10:59 (3aa4ab31751d3886436d94b585a96704892fd477,branch:main).

Game began 2026-07-30 19:34:34, ended 2026-07-30 19:44:33.

KnightLite, neutral female gnomish Wizard

                                                                   ----- -
                                                                  -....--..
                                                                 ...h.......
                                                                 .....*.....
                                                                 .....@..-
                                                                 ........|
                                                                 ........|
                                                       G          ....:..-
                                                                  h.......
                                                                    .....

KnightLite the Evoker     St:12 Dx:12 Co:12 In:19 Wi:11 Ch:9  Neutral
Dlvl:3  $:38 HP:6(11) Pw:4(8) AC:7  Xp:1 T:524 

Latest messages:
 You begin to memorize the runes.
 You add "light" to your repertoire, as 'c'.
 This door is locked.
 This door is locked.
 This door is locked.
 This door is locked.
 This door is locked.
 This door is locked.
 This door is locked.
 You swap places with your kitten.
 The newt bites!
 You miss the newt.
 You miss the newt.
 The newt misses!
 You kill the newt!
 The door opens.
 You miss the sewer rat.
 The sewer rat misses!
 You hit the sewer rat.
 The sewer rat misses!
 You kill the sewer rat!
 The jackal bites!
 The kitten misses the jackal.
 The kitten misses the jackal.
 The kitten misses the jackal.
 You kill the jackal!
 You swap places with your kitten.
 You descend the stairs.
 You climb up the stairs.
 You descend the stairs.
 You hear an A note squeak in the distance.
 The kitten bites it.
 A lit field surrounds you!
 The kitten bites the lichen.
 The lichen is killed!
 A trap door in the ceiling opens and a rock falls on your head!
 The kitten bites the gnome.
 The gnome is killed!
 Your kitten eats a gnome corpse.
 The hobbit picks up an orange gem.
 The hobbit wields a runed dagger!
 Pick a monster, object or location.
 The kitten picks up a dagger.
 The kitten bites the hobbit.
 The hobbit thrusts his runed dagger at the kitten.
 The hobbit hits the kitten.
 The kitten is killed!
 The hobbit picks up 4 daggers.
 Really quit without saving? [yn] (n) y
 Do you want your possessions identified? [ynq] (y) q

Inventory:
 Coins    ('$')
  $ - 38 gold pieces
 Weapons  (')')
  a - a blessed +1 quarterstaff (weapon in hands)
 Armor    ('[')
  b - an uncursed +0 cloak of magic resistance (being worn)
  r - an uncursed +0 leather armor (being worn)
 Comestibles  ('%')
  w - 2 uncursed food rations
 Scrolls  ('?')
  k - an uncursed scroll of confuse monster
  j - a blessed scroll of destroy armor
  o - an uncursed scroll of enchant armor
  v - an uncursed scroll of identify
  t - an uncursed scroll of magic mapping
  i - an uncursed scroll of remove curse
  s - a cursed scroll of remove curse
 Spellbooks  ('+')
  l - a blessed spellbook of force bolt
  m - an uncursed spellbook of haste self
  x - an uncursed spellbook of light
 Potions  ('!')
  h - an uncursed potion of blindness
  q - an uncursed potion of healing
  f - a blessed potion of invisibility
  u - an uncursed potion of invisibility
  g - an uncursed potion of water
 Rings    ('=')
  d - a blessed +1 ring of increase accuracy (on left hand)
  e - an uncursed ring of poison resistance (on right hand)
 Wands    ('/')
  p - a wand of digging (0:7)
  c - a wand of speed monster (0:5)
 Tools    ('(')
  n - a magic marker (0:20)
 Special
 (list likely candidates)

KnightLite the Wizard's attributes:

Background:
 You were an Evoker, a level 1 female gnomish Wizard.
 You were neutral, on a mission for Thoth
 who was opposed by Ptah (lawful) and Anhur (chaotic).
 You were right-handed.
 You were in the Gnomish Mines, on level 3.
 You entered the dungeon 524 turns ago.
 There was a full moon in effect when your adventure ended.
 You had 19 experience points, 1 more was needed to attain level 2.

Basics:
 You had 6 out of 11 hit points.
 You had 4 out of 8 energy points (spell power).
 Your armor class was 7.
 Your wallet contained 38 zorkmids.
 Autopickup was on for '0' plus thrown, with exceptions.

Final Characteristics:
 Your strength was 12 (limit:18/50).
 Your dexterity was 12 (limit:18).
 Your constitution was 12 (limit:18).
 Your intelligence was 19 (limit:19).
 Your wisdom was 11 (limit:18).
 Your charisma was 9 (limit:18).

Final Status:
 You weren't hungry.
 You were unencumbered.
 You were wielding a quarterstaff.
 You had basic skill with quarterstaff.

Final Attributes:
 You were stridently aligned.
 You were magic-protected.
 You were poison resistant.
 You had infravision.
 You had a small bonus to hit (+1).
 You were warded.
 You were lucky.
 You survived.

Miscellaneous:
 You didn't encounter any bones levels.
 Total elapsed playing time was 9 minutes and 58 seconds.

Major events:
 Turn
    1: KnightLite the neutral female gnomish Wizard entered the dungeon
  504: entered the Gnomish Mines
  524: quit

Spells:
 Name                 Level Category     Fail Retention
 force bolt             1   attack         0%  91%-100%
 haste self             3   escape        79%  76%-100%
 light                  1   divination     0%  76%-100%

Skills:
 Fighting Skills
   bare handed combat [Unskilled]
   riding             [Unskilled]
 Weapon Skills
   dagger             [Unskilled]
   knife              [Unskilled]
   axe                [Unskilled]
   short sword        [Unskilled]
   club               [Unskilled]
   mace               [Unskilled]
   quarterstaff       [Basic]
   polearms           [Unskilled]
   spear              [Unskilled]
   trident            [Unskilled]
   sling              [Unskilled]
   dart               [Unskilled]
   shuriken           [Unskilled]
 Spellcasting Skills
   attack spells      [Basic]
   healing spells     [Unskilled]
   divination spells  [Unskilled]
   enchantment spells [Basic]
   clerical spells    [Unskilled]
   escape spells      [Unskilled]
   matter spells      [Unskilled]

Voluntary challenges:
 Character rerolling was not enabled.
 You went without food.
 You were an atheist.
 You never genocided any monsters.
 You never polymorphed an object.
 You never changed form.
 You used no wishes.
Achievement:
 You entered the Gnomish Mines.

 The Dungeons of Doom: levels 1 to 2
    Level 1:
    Level 2:
       Stairs down to The Gnomish Mines.
 The Gnomish Mines:
    Level 3: <- You were here.


Vanquished creatures:
  a kitten
  a gnome
  a jackal
  a kobold
  a goblin
  a sewer rat
  a grid bug
  2 lichens
  a newt
10 creatures vanquished.

No species were genocided or became extinct.

Goodbye KnightLite the Wizard...

You quit in The Gnomish Mines on dungeon level 3 with 224 points,
and 38 pieces of gold, after 524 moves.
You were level 1 with a maximum of 11 hit points when you quit.

